 Dungeon Crawl Stone Soup version 0.31.0-4-g52a2dc7128 (webtiles) character file.

Game seed: 4381268851231356683

13925 FinalFate the Basher (level 11, -1/102 HPs)
             Began as a Minotaur Berserker on Jan 18, 2024.
             Was a High Priest of Trog.
             Slain by a polar bear (14 damage)
             ... on level 11 of the Dungeon on Jan 22, 2024.
             The game lasted 00:27:15 (9605 turns).

FinalFate the Basher (Minotaur Berserker)           Turns: 9605, Time: 00:27:18

Health: -1/102     AC: 17    Str: 25    XL:     11   Next: 82%
Magic:  10/10      EV: 11    Int:  4    God:    Trog [*****.]
Gold:   398        SH:  0    Dex: 11    Spells: 10/10 levels left

rFire   . . .        z - +1 flail (heavy)
rCold   . . .        (no shield)
rNeg    . . .        K - +0 chain mail
rPois   .            (helmet restricted)
rElec   .            L - +0 cloak
rCorr   .            R - +0 pair of gloves
SInv    .            Q - +0 pair of boots
Will    +++..        y - amulet of regeneration
Stlth   x              - +4 ring of slaying
HPRegen 2.17/turn    m - ring of willpower
MPRegen 0.12/turn

%: no passive effects
@: strong-willed, on berserk cooldown, regenerating, slowed, very slow
A: horns 2, retaliatory headbutt
a: Renounce Religion, Berserk, Trog's Hand, Brothers in Arms


You were on level 11 of the Dungeon.
You worshipped Trog.
Trog was extremely pleased with you.
You visited 2 branches of the dungeon, and saw 12 of its levels.

You collected 650 gold pieces.
You spent 252 gold pieces at shops.

Inventory:

Hand Weapons
 k - a +2 mace
 z - a +1 heavy flail (weapon)
 N - a +3 whip of electrocution
Armour
 C - +0 steam dragon scales
 K - a +0 chain mail (worn)
 L - a +0 cloak (worn)
 Q - a +0 pair of boots (worn)
 R - a +0 pair of gloves (worn)
Jewellery
 c - the ring "Jaehag" {Fly rPois rC- rN+ Int+6}
   (You found it on level 11 of the Dungeon)

   [ring of intelligence]

   Int+6:     It affects your intelligence (+6).
   rC-:       It makes you vulnerable to cold.
   rPois:     It protects you from poison rN+: It protects you from negative
   energy.
   Fly:       It grants you flight.
 l - an amulet of magic regeneration
 m - a ring of willpower (right hand)
 x - a +4 ring of slaying (left hand)
 y - an amulet of regeneration (around neck)
 E - a ring of positive energy
Wands
 p - a wand of flame (38)
 t - a wand of charming (4)
 H - a wand of mindburst (11)
 I - a wand of roots (7)
Scrolls
 a - a scroll of fog {unknown}
 b - 6 scrolls of teleportation
 e - a scroll of enchant armour {unknown}
 f - a scroll of amnesia {unknown}
 g - 3 scrolls of poison
 i - 2 scrolls of revelation {unknown}
 n - 3 scrolls of blinking
 o - 2 scrolls of enchant weapon {unknown}
 r - 4 scrolls of fear
 u - a scroll of silence {unknown}
 v - 3 scrolls of vulnerability
 G - a scroll of immolation {unknown}
 P - a scroll of identify
Potions
 d - 2 potions of attraction {unknown}
 h - 2 potions of degeneration
 j - 4 potions of curing
 q - 4 potions of enlightenment
 s - 3 potions of mutation {unknown}
 w - 3 potions of cancellation
 A - 2 potions of might {unknown}
 B - 2 potions of haste {unknown}
 D - a potion of magic {unknown}
 J - 2 potions of brilliance {unknown}
 M - a potion of berserk rage {unknown}
 O - 2 potions of lignification {unknown}


   Skills:
 * Level 11.2 Fighting
 * Level 14.8 Maces & Flails
 * Level 12.3 Armour
 * Level 7.4 Dodging


You had 10 spell levels left.
You didn't know any spells.
Your spell library was empty.

Dungeon Overview and Level Annotations

Branches:
Dungeon (11/15)            Temple (1/1) D:5            Lair (0/5) D:8
    Orc (0/2) D:11

Altars:
Ashenzari
Cheibriados
Dithmenos
Elyvilon
Fedhas
Gozag
Hepliaklqana
Kikubaaqudgha
Makhleb
Nemelex Xobeh
Okawaru
Qazlal
Ru
Sif Muna
Trog
Uskayaw
Vehumet
Wu Jian
Xom
Yredelemnul
Zin
The Shining One

Shops:
D:10 [

Annotations:
D:11 exclusion: ice statue


Innate Abilities, Weirdness & Mutations

You have a pair of horns on your head.
You reflexively headbutt those who attack you in melee.


Message History

You sock the rime drake!
You kill the rime drake!
Trog accepts your kill. The harpy simulacrum barely misses you.
The harpy simulacrum misses you.
You closely miss the ice beast. Your headbutt misses the ice beast.
You completely miss the ice beast.
The harpy simulacrum claws you but does no damage.
The harpy simulacrum claws you. The harpy simulacrum freezes you!
You thump the ice beast!
The ice beast is heavily wounded.
The ice beast completely misses you. You furiously retaliate!
You headbutt the ice beast!!
You kill the ice beast!
The ice beast disappears in a puff of smoke!
Unknown command.
There are monsters nearby!
The harpy simulacrum claws you! The harpy simulacrum freezes you!
The harpy simulacrum closely misses you. x2
The harpy simulacrum completely misses you.
The wolf bites you but does no damage.
There is an open door, spattered with blood here.
You bludgeon the wolf!! You headbutt the wolf.
You kill the wolf!
Trog accepts your kill.
You are no longer berserk.
You are exhausted.
You feel yourself slow down. The harpy simulacrum claws you.
The harpy simulacrum freezes you! The harpy simulacrum barely misses you.
You feel much better. The harpy simulacrum barely misses you.
The harpy simulacrum claws you but does no damage. x2
The harpy simulacrum claws you. The harpy simulacrum freezes you!
The harpy simulacrum claws you! The harpy simulacrum freezes you!
* * * LOW HITPOINT WARNING * * *
The harpy simulacrum claws you.
* * * LOW HITPOINT WARNING * * *
The harpy simulacrum freezes you!
* * * LOW HITPOINT WARNING * * *
The harpy simulacrum closely misses you.
The harpy simulacrum barely misses you. The polar bear bites you!
You die...

#..........#.....
#..........#...#. ~
############...#. ~≈~
##+#..........#...#.
~≈~.#.............#..>#.
~~~~~..............######
..~~~..............#.....
.~~≈~####..........#.....
...≈~~kh@§.........#.....
...~~Z.Z#..........#.....
...~~~###..........######
....~~ #................
....~ #................
8..~~ #................
$... ###############..
)... ..............
..............


You could see a polar bear, a rime drake, a death yak simulacrum and a harpy
simulacrum.

Vanquished Creatures
  A boulder beetle (D:8)
  3 two-headed ogres
  Nergalle (D:11)
  A gargoyle (D:11)
  Maggie (D:7)
  2 rime drakes (D:11)
  2 kobold demonologists (D:10)
  2 unseen horrors
  3 trolls
  A hornet (D:9)
  Prince Ribbit (D:6)
  5 wyverns
  A wraith (D:9)
  13 yaks
  3 steam dragons
  An acid dragon (D:9)
  2 water moccasins
  Duvessa (D:6)
  4 orc warriors
  4 ice beasts
  2 sky beasts
  2 black bears (D:7)
  2 centaurs (D:8)
  2 wolves (D:11)
  A phantom (D:7)
  5 kobold brigands
  Blork the orc (D:4)
  A bullfrog (D:7)
  2 gnoll sergeants
  4 scorpions
  9 wights
  Dowan (D:6)
  2 bombardier beetles
  A howler monkey (D:9)
  4 jellies
  3 hounds
  11 orc priests
  A gnoll bouda (D:7)
  A sleepcap (D:5)
  4 iguanas
  12 orc wizards
  Robin (D:3)
  3 adders
  17 gnolls
  2 white imps
  2 ufetubi (D:7)
  3 dart slugs
  4 ribbon worms
  39 orcs
  8 bats
  10 endoplasms
  3 giant cockroaches
  18 goblins
  10 hobgoblins
  4 jackals (D:4)
  20 kobolds
  7 ball pythons
  3 frilled lizards
  2 rats (D:3)
279 creatures vanquished.

Notes
Turn   | Place    | Note
-------+----------+-------------------------------------------
     0 | D:1      | FinalFate the Minotaur Berserker began the quest for the
                  | Orb.
     0 | D:1      | Reached XP level 1. HP: 19/19 MP: 0/0
    40 | D:1      | Upgraded the game from 0.31-b1-22-gc680215f68 to
                  | 0.31.0-1-g2c135a008e
   127 | D:1      | Reached XP level 2. HP: 27/27 MP: 1/1
   354 | D:1      | Reached skill level 4 in Maces & Flails
  1050 | D:2      | Reached XP level 3. HP: 32/33 MP: 2/2
  1358 | D:2      | Reached ** piety under Trog
  1829 | D:3      | Reached XP level 4. HP: 33/41 MP: 3/3
  1871 | D:3      | Noticed Robin
  1880 | D:3      | Reached skill level 5 in Maces & Flails
  1880 | D:3      | Killed Robin
  2274 | D:3      | Reached XP level 5. HP: 47/47 MP: 4/4
  2627 | D:3      | Reached *** piety under Trog
  3131 | D:4      | Noticed Blork the orc
  3142 | D:4      | Killed Blork the orc
  3143 | D:4      | Reached skill level 6 in Maces & Flails
  3143 | D:4      | Reached XP level 6. HP: 19/55 MP: 5/5
  3299 | D:4      | Found a broken altar of Ashenzari.
  3383 | D:4      | Reached skill level 5 in Fighting
  3391 | D:4      | Upgraded the game from 0.31.0-1-g2c135a008e to
                  | 0.31.0-4-g52a2dc7128
  3446 | D:4      | Noticed a sky beast
  3452 | D:4      | Killed a sky beast
  3543 | D:4      | Identified the +1 dagger of a Thousand Mouths {freeze,
                  | Dex+2}
  3643 | D:5      | Entered Level 5 of the Dungeon
  3651 | D:5      | Reached skill level 5 in Armour
  3656 | D:5      | Reached XP level 7. HP: 41/61 MP: 6/6
  3780 | D:5      | Reached skill level 7 in Maces & Flails
  4135 | D:5      | Noticed a two-headed ogre
  4142 | D:5      | Killed a two-headed ogre
  4143 | D:5      | Reached skill level 9 in Maces & Flails
  4143 | D:5      | Reached XP level 8. HP: 70/70 MP: 7/7
  4319 | D:5      | Found a staircase to the Ecumenical Temple.
  4576 | Temple   | Entered the Ecumenical Temple
  4714 | D:6      | Noticed Prince Ribbit
  4717 | D:6      | Killed Prince Ribbit
  4740 | D:6      | Reached skill level 10 in Maces & Flails
  5060 | D:6      | Reached XP level 9. HP: 40/75 MP: 8/8
  5402 | D:6      | Noticed Duvessa
  5402 | D:6      | Noticed Dowan
  5409 | D:6      | Killed Duvessa
  5411 | D:6      | Killed Dowan
  5784 | D:7      | Reached skill level 11 in Maces & Flails
  5815 | D:7      | Identified the +2 leather armour of the Harp {Str+2}
  5816 | D:7      | Reached skill level 5 in Dodging
  5821 | D:7      | Reached **** piety under Trog
  6078 | D:7      | Noticed Maggie
  6087 | D:7      | Killed Maggie
  6100 | D:7      | Reached skill level 12 in Maces & Flails
  6121 | D:7      | Found an iron altar of Okawaru.
  6408 | D:8      | Reached XP level 10. HP: 76/88 MP: 9/9
  6452 | D:8      | Found a staircase to the Lair.
  6534 | D:8      | Reached skill level 13 in Maces & Flails
  6618 | D:8      | Found a burning altar of Makhleb.
  6742 | D:8      | Found a basalt altar of Yredelemnul.
  6936 | D:8      | Noticed a boulder beetle
  6944 | D:8      | Killed a boulder beetle
  6985 | D:9      | Reached skill level 10 in Armour
  7095 | D:9      | Found a hazy altar of Hepliaklqana.
  7124 | D:9      | Found a shadowy altar of Dithmenos.
  7125 | D:9      | Reached ***** piety under Trog
  7172 | D:9      | Identified the +7 quarterstaff of Qiskeawara {freeze, Str-3
                  | Dex+3 Stlth+}
  7457 | D:9      | Found a flagged portal.
  7556 | D:9      | Found a sacrificial altar of Ru.
  7723 | D:9      | Reached XP level 11. HP: 89/99 MP: 10/10
  7771 | D:10     | Entered Level 10 of the Dungeon
  7869 | D:10     | Reached skill level 14 in Maces & Flails
  7933 | D:10     | Found a snail-covered altar of Cheibriados.
  8010 | D:10     | Found Ogyech's Antique Armour Boutique.
  8017 | D:10     | Bought a chain mail for 126 gold pieces
  8017 | D:10     | Bought a cloak for 126 gold pieces
  8180 | D:10     | Reached skill level 10 in Fighting
  8201 | D:10     | Found an ancient bone altar of Kikubaaqudgha.
  8648 | D:11     | Noticed Nergalle
  8653 | D:11     | Killed Nergalle
  8766 | D:11     | Identified the ring "Jaehag" {Fly rPois rC- rN+ Int+6}
  8989 | D:11     | Noticed a two-headed ogre
  8996 | D:11     | Killed a two-headed ogre
  9033 | D:11     | Noticed a two-headed ogre
  9039 | D:11     | Killed a two-headed ogre
  9131 | D:11     | Found a staircase to the Orcish Mines.
  9605 | D:11     | Slain by a polar bear

Illustrated notes

Levels and vault maps discovered:
D:1:      amcnicky_arrival_feature_with_door, layout_loops_cross,
          amethyst_killhole
D:2:      minmay_general_purpose_star, layout_basic
D:3:      layout_basic, hangedman_decor_points, uniq_robin
D:4:      cheibrodos_old_hovel, layout_rooms, nicolae_overflow_hidden_temple,
          uniq_blork_the_orc
D:5:      layout_loops_ring, minmay_temple_entry_nine_rooms
D:6:      layout_gridville, uniq_prince_ribbit1, uniq_duvessa
D:7:      layout_loops_ring, mainiacjoe_overflow_catwalk,
          minmay_misc_feat_hallway, uniq_maggie
D:8:      layout_cave_pools, makhleb_blood_cavern_becter,
          mainiacjoe_overflow_tiny_flanked, minmay_lair_entry_grove
D:9:      layout_irregular_city, old_standard_altar,
          nicolae_overflow_crystal_walls, nicolae_dithmenos_shadow_blocks,
          lightli_bailey_entry_fortress, kennysheep_nondescript
D:10:     layout_basic, lemuel_crystal_altar, slow_altar_1, serial_shops, shop,
          minmay_misc_feat_chi
D:11:     dreamdust_isle_of_ice, layout_grid_maze, orc_0_dummy, uniq_nergalle
Temple:   nicolae_temple_figure_eight

Skill      XL: |  1  2  3  4  5  6  7  8  9 10 11 |
---------------+----------------------------------+-----
Fighting       | 4 5 6 8 9 11 | 11.2
Maces & Flails | 4 5 6 9 10 12 13 14 | 14.8
Armour         | 3 4 5 6 7 8 10 12 | 12.3
Dodging        | 3 4 5 6 7 |  7.4

Action                     |  1- 3 |  4- 6 |  7- 9 | 10-12 || total
---------------------------+-------+-------+-------+-------++-------
  Melee: Mace              |    46 |       |       |       ||    46
         Headbutt          |    11 |    15 |    25 |    35 ||    86
         Morningstar       |    25 |   116 |    93 |       ||   234
         Punch             |       |     2 |     2 |     3 ||     7
         Flail             |       |       |    46 |   225 ||   271
 Invoke: Berserk           |       |     2 |     3 |     4 ||     9
         Trog's Hand       |       |       |       |     2 ||     2
    Use: Scroll            |       |       |     4 |     6 ||    10
         Potion            |       |       |     2 |     4 ||     6
 Armour: Animal skin       |     9 |       |       |       ||     9
         Leather armour    |    14 |       |       |       ||    14
         Ring mail         |    14 |    52 |       |       ||    66
         Scale mail        |       |    35 |    84 |   166 ||   285
         Chain mail        |       |       |       |   119 ||   119
  Dodge: Dodged            |    32 |    56 |    66 |   183 ||   337
